 Dungeon Crawl Stone Soup version 0.31.0-32-g396128a36d (webtiles) character file.

Game seed: 9730973347168053225

482 TacoSundae the Ruffian (level 7, -2/32 HPs)
             Began as a Vine Stalker Shapeshifter on Apr 11, 2024.
             Succumbed to a hornet's poison
             ... while paralysed by a hornet
             ... on level 7 of the Dungeon.
             The game lasted 00:05:19 (2947 turns).

TacoSundae the Ruffian (Vine Stalker Shapeshifter)  Turns: 2947, Time: 00:05:19

Health: -2/32      AC:  2    Str: 19    XL:     7   Next: 12%
Magic:  0/8        EV:  2    Int: 10    God:
Gold:   252        SH:  0    Dex: 13    Spells: 6/6 levels left

rFire   . .          .
                       - Unarmed
rCold   . . .        (no shield)
rNeg    . . .        v - +0 scale mail
rPois   .            (helmet currently unavailable)
rElec   .            (cloak currently unavailable)
rCorr   .            (gloves currently unavailable)
SInv    .            (boots currently unavailable)
Will    .....        (no amulet) Stlth
                     (no ring)
HPRegen 1.05/turn    (no ring)
MPRegen 0.11/turn

%: guardian spirit
@: paralysed, lethally poisoned (-2 -> -9), beast-form, corroded, slowed
A: beast (slay +3), fangs 2, regeneration 1, magic shield, antimagic bite, no
potion heal 2
a: Begin Untransformation


You were on level 7 of the Dungeon.
You were a hulking beast.
You visited 1 branch of the dungeon, and saw 5 of its levels.

You collected 252 gold pieces.

Inventory:

Missiles
 o - 6 poisoned darts (quivered)
Armour
 h - a +0 cloak
 m - a +0 pair of boots
 s - a +0 helmet
 v - a +0 scale mail (worn)
Jewellery
 q - a ring of fire
Talismans
 c - a beast talisman
 d - a flux talisman
Scrolls
 f - 4 scrolls of identify {unknown}
 i - a scroll of enchant armour {unknown}
 j - 3 scrolls of teleportation {unknown}
 k - a scroll of revelation {unknown}
 l - a scroll of blinking
 p - a scroll of immolation {unknown}
 t - a scroll of acquirement {unknown}
Potions
 a - a potion of ambrosia {unknown}
 b - 4 potions of lignification
 e - a potion of degeneration {unknown}
 g - a potion of heal wounds {unknown}
 n - a potion of enlightenment {unknown}
 r - 3 potions of curing {unknown}
 u - a potion of brilliance {unknown}


   Skills:
 - Level 0.8 Fighting
 - Level 1.5 Dodging
 + Level 5.9 Unarmed Combat
 + Level 5.5 Shapeshifting


You had 6 spell levels left.
You didn't know any spells.
Your spell library contained the following spells:

 Spells                   Type           Power      Damage    Failure   Level
 Alistair's Intoxication  Alch           0%         N/A       100%        5
 Borgnjor's Vile Clutch   Necr/Erth      0%         N/A       100%        5
 Eringya's Noxious Bog    Alch           0%         4d6       100%        6


Dungeon Overview and Level Annotations

Branches:
Dungeon (4/15)
 Temple: D:4-7

Altars:
Ashenzari
Gozag
Okawaru
Ru
Trog

Shops:
D:1 (

Portals:
Abyss: D:4

Annotations:
D:4 1 transporter, cdecastro's ghost, amateur AtWr


Innate Abilities, Weirdness & Mutations

You are a hulking beast.
Your limbs bulge with bestial killing power. (Slay +3)
You have extremely sharp teeth.
Your natural rate of healing is unusually fast.
When hurt, damage is shared between your health and your magic reserves.
Your bite disrupts and absorbs the magic of your enemies.
Potions cannot restore your health.


Message History

The jelly is severely wounded.
Your transformation is almost over.
The hornet stings you but does no damage.
The jelly hits you but does no damage.
You smack the jelly!
You kill the jelly!
The hornet stings you but does no damage. x2
You hit the hornet.
The hornet is moderately wounded.
The hornet stings you but does no damage.
You hit the hornet.
The hornet is moderately wounded.
The hornet stings you!
You feel yourself slow down.
You completely miss the hornet.
The hornet is moderately wounded.
You feel yourself speed up. The hornet stings you!
The hornet barely misses you.
You hit the hornet but do no damage.
The hornet is moderately wounded.
The hornet stings you but does no damage. x2
You miss the hornet.
The hornet is moderately wounded.
The hornet stings you but does no damage.
You hit the hornet but do no damage.
The hornet is lightly wounded.
The hornet barely misses you.
You barely miss the hornet.
The hornet is lightly wounded.
You feel less wooden.
Your +0 scale mail unmelds from your body.
You turn into a hulking beast.
The hornet stings you!
You are poisoned.
You suddenly lose the ability to move!
The hornet stings you!
* * * LOW HITPOINT WARNING * * *
You feel yourself slow down.
You feel sick. The hornet stings you.
* * * LOW HITPOINT WARNING * * *
You are more poisoned.
You feel as though you will be slow longer.
You die...

#..
...
#.##
...#
#..#
#..#
#.)#
#y.#
#h.#
#..#
#..#
#..#
#..#
#..#
#.##
#.#


You could see a hornet.

Vanquished Creatures
  A water moccasin (D:4)
  A phantom (D:4)
  A scorpion (D:3)
  An orc priest (D:3)
  A bombardier beetle (D:4)
  A jelly (D:7)
  A gnoll bouda (D:3)
  2 adders
  3 gnolls
  4 dart slugs
  A ribbon worm (D:2)
  9 orcs (D:3)
  3 endoplasms
  3 giant cockroaches
  5 hobgoblins
  9 jackals (D:1)
  7 kobolds
  A quokka (D:3)
  8 ball pythons
  A frilled lizard (D:1)
  3 goblins
  2 rats
68 creatures vanquished.

Notes
Turn   | Place    | Note
-------+----------+-------------------------------------------
     0 | D:1      | TacoSundae the Vine Stalker Shapeshifter began the quest
                  | for the Orb.
     0 | D:1      | Reached XP level 1. HP: 9/9 MP: 2/2
   144 | D:1      | Reached XP level 2. HP: 14/14 MP: 3/3
   146 | D:1      | Found a faded altar of an unknown god.
   385 | D:1      | Found Maugidi's Weapon Boutique.
   408 | D:1      | Reached XP level 3. HP: 17/17 MP: 2/4
  1574 | D:3      | Reached XP level 4. HP: 19/21 MP: 3/5
  1836 | D:3      | Found an opulent altar of Gozag.
  1841 | D:3      | Found an iron altar of Okawaru.
  1848 | D:3      | Reached XP level 5. HP: 25/25 MP: 6/6
  1987 | D:3      | Found a bloodstained altar of Trog.
  1987 | D:3      | Found a sacrificial altar of Ru.
  2177 | D:3      | Found a broken altar of Ashenzari.
  2595 | D:3      | Reached skill level 5 in Unarmed Combat
  2595 | D:3      | Reached XP level 6. HP: 19/29 MP: 4/7
  2637 | D:4      | Noticed a water moccasin
  2650 | D:4      | Killed a water moccasin
  2651 | D:4      | Reached skill level 5 in Shapeshifting
  2834 | D:4      | Reached XP level 7. HP: 28/32 MP: 5/8
  2914 | D:4      | Found a transporter.
  2914 | D:4      | Found a one-way gate to the infinite horrors of the Abyss.
  2914 | D:4      | Noticed cdecastro's ghost (amateur AtWr)
  2919 | D:4      | You fall into a shaft and drop 3 floors!
  2920 | D:7      | Noticed a hornet
  2932 | D:7      | Paralysed by a hornet for 1 turns
  2945 | D:7      | Paralysed by a hornet for 2 turns
  2946 | D:7      | HP: 1/32 [hornet (4)]
  2947 | D:7      | Succumbed to a hornet's poison

Illustrated notes

Levels and vault maps discovered:
D:1:      ncdulo_smallfort, layout_rooms, hellmonk_ecumenical_altar_arch_garden,
          serial_shops, shop
D:2:      layout_loops_corners, bh_walls_and_bars
D:3:      layout_loops_ring, amcnicky_altar_gilded, grunt_temple_overflow_open,
          gammafunk_temple_overflow_wave
D:4:      layout_loops_ring, gammafunk_ghost_abyssal_escape,
          dreamdust_gnoll_farm, uniq_duvessa, uniq_sigmund
D:7:      layout_loops_ring, serial_bayou, serial_bayou_lagoon_b,
          serial_bayou_pond_b, serial_bayou_shore_a, serial_bayou_lagoon_a

Skill      XL: |  1  2  3  4  5  6 |
---------------+-------------------+-----
Unarmed Combat | 4 5 |  5.9
Shapeshifting  | 4 5 |  5.5
Fighting       | |  0.8
Dodging        | |  1.5

Action                     |  1- 3 |  4- 6 |  7- 9 || total
---------------------------+-------+-------+-------++-------
  Melee: Unarmed           |    81 |    97 |    22 ||   200
         Bite              |    20 |    23 |       ||    43
         Punch             |     3 |     5 |       ||     8
    Use: Potion            |       |     1 |     1 ||     2
   Stab: Sleeping          |     1 |       |       ||     1
 Armour: Animal skin       |    35 |    27 |       ||    62
         Scale mail        |       |    18 |     3 ||    21
         Skin              |       |     9 |    29 ||    38
  Dodge: Dodged            |    43 |    48 |     3 ||    94
